 Dungeon Crawl Stone Soup version 0.14-a0-2564-g94087c3 (webtiles) character file.

348 Malachi the Grave Robber (level 6, 0/30 HPs)
             Began as a Vine Stalker Necromancer on Feb 6, 2014.
             Succumbed to a kobold's poison
             ... on Level 2 of the Dungeon on Feb 11, 2014.
             The game lasted 00:07:01 (2454 turns).

Malachi the Grave Robber (Vine Stalker Necromancer) Turns: 2454, Time: 00:07:02

HP   0/30        AC  4     Str 10      XL: 6   Next:  5%
MP  13/13        EV 13     Int 17      God:
Gold 115         SH  0     Dex 15      Spells:  2 memorised,  6 levels left

rFire  . . .     SeeInvis .     y - +2 whip (elec)
rCold  . . .     Clarity  .     a - +0 robe
rNeg   . . .     Conserve .     (no shield)
rPois  .         rCorr    +     t - +0 helmet
rElec  .         rRot     +     (no cloak)
SustAb . .       Spirit   +     m - +0 pair of gloves
rMut   .         Warding  .     (no boots)
Saprov . . .     Stasis   .     q - amulet of resist corrosion
MR     .....                    (no ring)
                                (no ring)

@: quite poisoned, drained, not resistant to hostile enchantments, stealthy
A: fangs 2, regeneration 2, magic shield, antimagic bite, no device heal
a: no special abilities


You were on level 2 of the Dungeon.
You were near starving.

You visited 1 branch of the dungeon, and saw 3 of its levels.

You collected 115 gold pieces.

Inventory:

Hand weapons
 e - a +3,+1 dwarven hand axe of chopping
 y - a +2,+2 whip of electrocution (weapon)
Armour
 a - a +0 robe (worn)
 m - a +0 pair of gloves (worn)
 t - a +0 helmet (worn)
Comestibles
 c - 2 bread rations
 f - 3 meat rations
Scrolls
 g - 2 scrolls of enchant weapon I {unknown}
 h - 2 scrolls of fog
 i - a scroll of teleportation {unknown}
 j - 3 scrolls of magic mapping {unknown}
 o - a scroll of enchant weapon II {unknown}
 s - a scroll of identify
 v - a scroll of noise {unknown}
 w - a scroll of remove curse {unknown}
 x - a scroll of curse jewellery {unknown}
 A - a scroll of random uselessness {unknown}
Jewellery
 q - an amulet of resist corrosion (around neck)
Potions
 d - a potion of paralysis {unknown}
 k - 2 potions of restore abilities {unknown}
 l - 2 potions of lignification
 p - a potion of resistance {unknown}
 r - 2 potions of brilliance {unknown}
 u - a potion of flight {unknown}
Books
 b - a book of Necromancy

   Spells                             Type                      Level
   *Pain                              Necromancy                   1
   Animate Skeleton                   Necromancy                   1
   Lethal Infusion                    Charms/Necromancy            2
   *Vampiric Draining                 Necromancy                   3
   Regeneration                       Charms/Necromancy            3
   Animate Dead                       Necromancy                   4
   Control Undead                     Necromancy                   4


   Skills:
 * Level 1.0(0.8) Fighting
 + Level 0.5(0.3) Maces & Flails
 + Level 3.0(2.8) Dodging
 + Level 3.7(3.5) Stealth
 * Level 2.9(2.7) Spellcasting
 * Level 5.1(4.9) Necromancy


You had 6 spell levels left.
You knew the following spells:

 Your Spells              Type           Power        Failure   Level  Hunger
a - Vampiric Draining     Necr           ###.......   10%         3    ###....
b - Pain                  Necr           ###.         2%          1    #......


Dungeon Overview and Level Annotations

Branches:
Dungeon (3/16)

Altars:
Trog
Yredelemnul


Innate Abilities, Weirdness & Mutations

You have extremely sharp teeth.
You heal very quickly.
When hurt, damage is shared between your health and your magic reserves.
Your bite disrupts and absorbs the magic of your enemies.
Potions and wands cannot restore your HP.


Message History

You feel very sick.
You feel a little better.
* * * LOW HITPOINT WARNING * * *
You feel very sick.
You feel a little better.
* * * LOW HITPOINT WARNING * * *
You feel sick.
* * * LOW HITPOINT WARNING * * *
You feel sick.
* * * LOW HITPOINT WARNING * * *
You feel sick.
* * * LOW HITPOINT WARNING * * *
You feel sick.
* * * LOW HITPOINT WARNING * * *
You feel sick.
You feel a little better.
You see here a poisoned needle.
* * * LOW HITPOINT WARNING * * *
You feel sick.
You die...

#...# ###.####..#.(.####.###
#...# #.........##.(# #....
#...#######...##.#......########
#....)).(.#...##.#.........)...#
##...#####.#.....%#.......(.##...
.%............##.(#.........#....
..............#.(........).....>.
...........................##....
##...#####.##.#)@###.......###...
#..........##......#.......# #..#
#.....#######....#.#..###### #.##
#.....# #...##.#.## #.# ##...##
#..## #.. #.# #...# #.. . #.#
##...# ##. ..# ....## #. ###
...## .


There were no monsters in sight!

Vanquished Creatures
  An orc wizard (D:3)
  An orc priest (D:3)
  4 gnolls (D:2)
  7 adders
  3 worms
  3 giant geckos
  7 orcs (D:3)
  5 bats
  A bat skeleton (D:3)
  2 hobgoblins (D:2)
  2 jackals (D:2)
  4 kobolds
  5 giant cockroaches
  8 giant newts
  5 goblins
  9 rats
  A spectral orc (D:3)
68 creatures vanquished.

Notes
Turn   | Place    | Note
--------------------------------------------------------------
     0 | D:1      | Malachi, the Vine Stalker Necromancer, began the quest for the Orb.
     0 | D:1      | Reached XP level 1. HP: 9/9 MP: 3/3
   421 | D:1      | Reached XP level 2. HP: 11/13 MP: 5/5
  1118 | D:2      | Reached XP level 3. HP: 12/16 MP: 5/7
  1136 | D:2      | Learned a level 3 spell: Vampiric Draining
  1299 | D:2      | Reached XP level 4. HP: 14/21 MP: 6/9
  1305 | D:2      | Reached skill level 5 in Necromancy
  1323 | D:2      | HP: 1/21 [adder (2)]
  1349 | D:2      | HP: 1/21 [poisoned by an adder]
  1599 | D:2      | Noticed a moth of wrath
  1602 | D:2      | Found a bloodstained altar of Trog.
  1696 | D:3      | Upgraded the game from 0.14-a0-2443-g5aee772 to 0.14-a0-2564-g94087c3
  1797 | D:3      | Reached XP level 5. HP: 25/25 MP: 11/11
  1947 | D:3      | Reached skill level 1 in Fighting
  2354 | D:3      | Found a basalt altar of Yredelemnul.
  2393 | D:2      | Gained mutation: You heal very quickly. [vine stalker growth]
  2393 | D:2      | Reached XP level 6. HP: 30/30 MP: 11/13
  2450 | D:2      | HP: 1/30 [poisoned by a kobold]
  2454 | D:2      | Succumbed to a kobold's poison

Action                   |  1- 3 |  4- 6 || total
-------------------------+-------+-------++-------
Melee: Unarmed           |     6 |       ||     6
       Hand axe          |    77 |       ||    77
       Whip              |     4 |    96 ||   100
 Cast: Pain              |     6 |     1 ||     7
       Vampiric Draining |     1 |     2 ||     3
  Use: Scroll            |     3 |       ||     3
       Potion            |       |     3 ||     3
 Stab: Sleeping          |     4 |     3 ||     7
